 Dungeon Crawl Stone Soup version 0.18-a0-1468-g4d15c65 (webtiles) character file.

29 Like700asians the Insei (level 3, 26/26 HPs)
             Began as a Demonspawn Transmuter on Feb 21, 2016.
             Quit the game on level 1 of the Dungeon.
             The game lasted 00:02:05 (1105 turns).

Like700asians the Insei (Demonspawn Transmuter)     Turns: 1105, Time: 00:02:05

Health: 26/26      AC:  2    Str: 11    XL:     3   Next: 1%
Magic:  6/6        EV: 14    Int: 14    God:
Gold:   74         SH:  0    Dex: 13    Spells: 1 memorised, 5 levels left

rFire  . . .     SeeInvis .       - Unarmed
rCold  . . .     Gourm    .     b - +0 robe
rNeg   . . .     Faith    .     (no shield)
rPois  .         Spirit   .     (helmet restricted)
rElec  .         Dismiss  .     (no cloak)
rCorr  +         Reflect  .     (no gloves)
SustAt .         Harm     .     (no boots)
MR     .....                    (no amulet)
Stlth  +.........               (no ring)
                                l - ring of resist corrosion

@: not resistant to hostile enchantments, very unstealthy
A: antennae 1, repulsion field 1
a: no special abilities


You were on level 1 of the Dungeon.
You were not hungry.

You visited 1 branch of the dungeon, and saw 1 of its levels.

You collected 74 gold pieces.

Inventory:

Missiles
 a - 12 arrows
 e - 7 stones (quivered)
Armour
 b - a +0 robe (worn)
Jewellery
 l - a ring of resist corrosion (left hand)
Scrolls
 f - 2 scrolls of remove curse {unknown}
Potions
 h - a potion of brilliance {unknown}
 j - 2 potions of flight {unknown}
 k - 2 potions of cure mutation {unknown}
 m - a potion of curing {unknown}
Books
 c - a book of Changes

   Spells                             Type                      Level
   a - Beastly Appendage              Transmutation                1
   b - Sticks to Snakes               Transmutation                2
   c - Spider Form                    Transmutation/Poison         3
   d - Ice Form                       Ice/Transmutation            4
   e - Blade Hands                    Transmutation                5
Comestibles
 d - a bread ration
 g - a meat ration
 i - 5 chunks of flesh


   Skills:
 - Level 1.0 Fighting
 + Level 2.4 Dodging
 + Level 2.9 Unarmed Combat
 - Level 2.0 Spellcasting
 + Level 2.3 Transmutations


You had 5 spell levels left.
You knew the following spells:

 Your Spells              Type           Power        Failure   Level  Hunger
a - Beastly Appendage     Trmt           #.....       12%         1    ##.....


Dungeon Overview and Level Annotations

Branches:
Dungeon (1/15)

Altars:


Innate Abilities, Weirdness & Mutations

You have a pair of small antennae on your head.
You are surrounded by a mild repulsion field (EV +2).


Message History

You see here a giant cockroach corpse.
You butcher the giant cockroach corpse.
i - 6 chunks of flesh (gained 2) Eating one of 6 chunks of flesh.
This raw flesh tastes terrible.
You continue eating. x2
Found a stone staircase leading down.
You now have 74 gold pieces (gained 9).
l - a knobbly bronze ring Inscribe which item? (? for menu, Esc to quit)
Inscribe with what?
Okay, then.
Put on which piece of jewellery? (? for menu, Esc to quit)
l - a ring of resist corrosion (left hand)
m - a white potion HP restored.
Found 32 sling bullets.
Done exploring.
Done exploring.
Are you sure you want to abandon this character and quit the game? (Confirm with "yes".)

#### ######## #..## ########
#......# #...##
#......####......#
#.#..########..รท.........####
#.##(...#######.............#
#.#####.....###..........##..
#.# #####..............###.
#.# ###.....@................
#.# #...##...####............
#.# #......#.# ####.####....
#.#####......#######.####....
#.......###............##....
######### #.#.#####.>#.......
#.#.#####.#########
##...#.....# #......#####


There were no monsters in sight!

Vanquished Creatures
  A giant gecko (D:1)
  8 giant cockroaches (D:1)
  3 goblins (D:1)
  4 hobgoblins (D:1)
  2 giant newts (D:1)
  3 kobolds (D:1)
  5 rats (D:1)
26 creatures vanquished.

Notes
Turn   | Place    | Note
--------------------------------------------------------------
     0 | D:1      | Like700asians the Demonspawn Transmuter began the quest for the Orb.
     0 | D:1      | Reached XP level 1. HP: 15/15 MP: 3/3
   296 | D:1      | Lost mutation: You have a pair of horns on your head. [demonic ancestry]
   296 | D:1      | Lost mutation: You have a pair of small horns on your head. [demonic ancestry]
   296 | D:1      | Gained mutation: You have a pair of small antennae on your head. [demonic ancestry]
   296 | D:1      | Reached XP level 2. HP: 14/21 MP: 3/5
   930 | D:1      | Gained mutation: You are surrounded by a mild repulsion field (EV +2). [demonic ancestry]
   930 | D:1      | Reached XP level 3. HP: 22/26 MP: 6/6
  1105 | D:1      | Quit the game

Vault maps used:
D:1:      minmay_arrival_jagged

Action                   || total
-------------------------++-------
Melee: Unarmed           ||   108
 Cast: Beastly Appendage ||    15
  Eat: Chunk             ||     1
